 Dungeon Crawl Stone Soup version 0.32-a0-872-g59262bdc9b (webtiles) character file.

Game seed: 13425287267478356688

4059 Elsrick the Slicer (level 10, 0/129 HPs)
             Began as a Minotaur Fighter on Mar 30, 2024.
             Was a Believer of the Shining One.
             Killed by mirror damage (4 damage)
             ... on level 8 of the Dungeon.
             The game lasted 00:24:47 (7488 turns).

Elsrick the Slicer (Minotaur Fighter)               Turns: 7488, Time: 00:24:48

Health: 0/129      AC: 10    Str: 27    XL:     10   Next: 4%
Magic:  9/9        EV: 12    Int:  5    God:    the Shining One [**....]
Gold:   711        SH:  6    Dex: 19    Spells: 9/9 levels left

rFire   . . .        o - +4 rapier "Viacyodofo" {flame, rC++ Str+2 Dex+3}
rCold   + + .        c - +0 buckler
rNeg    + . .        I - +0 swamp dragon scales
rPois   +            (helmet restricted)
rElec   .            (no cloak)
rCorr   .            (no gloves)
SInv    .            u - +0 pair of boots
Will    .....        (no amulet) Stlth
                     t - +6 ring of dexterity
HPRegen 0.41/turn    (no ring)
MPRegen 0.11/turn

%: no passive effects
@: berserking, glowing, very quick
A: horns 2, retaliatory headbutt
a: Renounce Religion, Divine Shield


You were on level 8 of the Dungeon.
You worshipped the Shining One.
The Shining One was pleased with you.
You visited 1 branch of the dungeon, and saw 8 of its levels.
You also visited: Bailey.

You collected 933 gold pieces.
You spent 222 gold pieces at shops.

Inventory:

Hand Weapons
 a - a +0 war axe
 o - the +4 rapier "Viacyodofo" (weapon) {flame, rC++ Str+2 Dex+3}
   (You found it on level 3 of the Dungeon)

   Str+2:     It affects your strength (+2).
   Dex+3:     It affects your dexterity (+3).
   rC++:      It greatly protects you from cold.
Missiles
 E - a throwing net
Armour
 b - a +0 scale mail
 c - a +0 buckler (worn)
 r - an orb of light
 u - a +0 pair of boots (worn)
 I - +0 swamp dragon scales (worn)
Jewellery
 i - a +6 ring of intelligence
 t - a +6 ring of dexterity (left hand)
 y - a ring of ice
 H - an amulet of guardian spirit
 J - a ring of protection from fire
Talismans
 e - a flux talisman
Wands
 n - a wand of flame (23) (quivered)
 x - a wand of warping (9)
 D - a wand of polymorph (9)
Scrolls
 g - 3 scrolls of fear
 j - 2 scrolls of enchant weapon
 k - 2 scrolls of brand weapon
 m - 2 scrolls of noise
 p - a scroll of amnesia {unknown}
 z - a scroll of vulnerability {unknown}
 B - 4 scrolls of teleportation
 C - 3 scrolls of fog
Potions
 d - a potion of might
 f - 3 potions of haste
 h - 2 potions of enlightenment
 l - a potion of brilliance {unknown}
 q - a potion of invisibility {unknown}
 s - a potion of attraction {unknown}
 v - 2 potions of degeneration
 w - a potion of heal wounds
 A - 2 potions of mutation {unknown}
 G - 2 potions of curing
Miscellaneous
 K - a lightning rod (4/4)


   Skills:
 + Level 7.2 Fighting
 * Level 11.2 Short Blades
 - Level 4.0 Axes
 + Level 7.7 Armour
 + Level 3.6 Dodging
 + Level 1.5 Stealth
 + Level 6.0 Shields
 + Level 0.1 Invocations
 + Level 1.7 Evocations


You had 9 spell levels left.
You didn't know any spells.
Your spell library contained the following spells:

 Spells                   Type           Power      Damage    Failure   Level
 Call Imp                 Summ           0%         N/A       78%         2
 Ensorcelled Hibernation  Hex/Ice        0%         N/A       78%         2
 Scorch                   Fire           0%         2d5       78%         2
 Sublimation of Blood     Necr           0%         N/A       78%         2
 Frozen Ramparts          Ice            0%         1d1       95%         3
 Fugue of the Fallen      Necr           0%         N/A       95%         3
 Ozocubu's Armour         Ice            0%         N/A       95%         3
 Tukima's Dance           Hex            0%         N/A       95%         3
 Anguish                  Hex/Necr       0%         N/A       100%        4
 Dimensional Bullseye     Hex/Tloc       0%         N/A       100%        4
 Flame Wave               Conj/Fire      0%         2d4       100%        4
 Iskenderun's Mystic Bla Conj/Tloc 0%             2d3        (+2d1     100%        4
 Metabolic Englaciation   Hex/Ice        0%         N/A       100%        5
 Summon Cactus Giant      Summ           0%         N/A       100%        6
 Haunt                    Necr/Summ      0%         N/A       100%        7
 Summon Hydra             Summ           0%         N/A       100%        7
 Borgnjor's Revivificati  Necr           0%         N/A       100%        8
 Death's Door             Necr           0%         N/A       100%        9


Dungeon Overview and Level Annotations

Branches:
Dungeon (8/15)             Temple (0/1) D:5          Bailey (visited)
   Lair: D:8-11

Altars:
Fedhas
Qazlal
Ru
Uskayaw
Xom
The Shining One

Shops:
D:7 !?[[!

Annotations:
D:7 3 runed translucent doors, Griffin23's ghost, novice MiFi
D:8 3 runed translucent doors


Innate Abilities, Weirdness & Mutations

You have a pair of horns on your head.
You reflexively headbutt those who attack you in melee.


Message History

You puncture the death knight! You burn the death knight.
You headbutt the death knight.
The death knight is moderately wounded.
The death knight offers itself to Yredelemnul, and fills with unholy energy.
You hit the death knight. You burn the death knight.
You headbutt the death knight, but do no damage.
The death knight is heavily wounded.
The death knight reflects your damage back at you!
The death knight barely misses you.
You hit the death knight. You burn the death knight.
You headbutt the death knight.
The death knight is heavily wounded.
The death knight reflects your damage back at you!
You hit the death knight but do no damage.
The death knight is heavily wounded.
You block the death knight's attack.
You hit the death knight but do no damage.
The death knight is heavily wounded.
The death knight hits you with a +0 battleaxe!!
* * * LOW HITPOINT WARNING * * *
You feel much better.
The death knight hits you with a +0 battleaxe!
A red film seems to cover your vision as you go berserk!
You feel yourself moving faster!
You feel mighty!
The death knight hits you with a +0 battleaxe.
You puncture the death knight! You burn the death knight.
The death knight is severely wounded.
The death knight reflects your damage back at you!
You hit the death knight. You burn the death knight.
The death knight is severely wounded.
The death knight reflects your damage back at you!
* * * LOW HITPOINT WARNING * * *
You barely miss the death knight.
The death knight is severely wounded.
The death knight hits you with a +0 battleaxe!!
* * * LOW HITPOINT WARNING * * *
You hit the death knight. You burn the death knight.
The death knight is severely wounded.
The death knight reflects your damage back at you!
You die...

#/p.#
#>.............##
##.#
#..#............#
#..#
#..#####.......##
#.## #..#
##.....##
###.#######..#
##...##
.....T..p....#
##.##
.###########.#
#.# #.########.##
#..Tp@>.....#
######.####.# #.#
#.# #.# #.# #.#
#.# #.# #.# #.#
#.# #.# #.# #.#


You could see a death knight (reflects damage) and a troll.

Vanquished Creatures
  A troll (D:8)
  5 yaks (D:6)
  A wyvern (D:6)
  2 water moccasins
  7 orc warriors
  2 ice beasts
  2 phantoms
  A centaur (D:8)
  9 kobold brigands
  2 gnoll sergeants
  A howler monkey (D:5)
  2 hounds
  2 jellies
  2 bombardier beetles
  An orc priest (D:7)
  A sleepcap (D:5)
  5 iguanas
  5 orc wizards
  Ijyb (D:3)
  Natasha (thrice) (D:5)
  9 gnolls
  11 adders
  2 ufetubi (D:7)
  An adder zombie (D:3)
  4 dart slugs
  4 ribbon worms
  24 orcs
  8 ball pythons
  8 endoplasms
  5 giant cockroaches
  13 goblins
  5 hobgoblins
  9 jackals
  27 kobolds
  2 quokkas
  A bat (D:3)
  3 frilled lizards
  4 rats
195 creatures vanquished.

Notes
Turn   | Place    | Note
-------+----------+-------------------------------------------
     0 | D:1      | Elsrick the Minotaur Fighter began the quest for the Orb.
     0 | D:1      | Reached XP level 1. HP: 19/19 MP: 0/0
   141 | D:1      | Reached XP level 2. HP: 27/27 MP: 1/1
   687 | D:2      | Reached XP level 3. HP: 33/33 MP: 2/2
   786 | D:2      | You fall into a shaft and drop 2 floors!
   786 | D:4      | Found a stormy altar of Qazlal.
   816 | D:4      | Found a glowing golden altar of the Shining One.
   819 | D:4      | Became a worshipper of the Shining One
   948 | D:3      | Reached XP level 4. HP: 38/41 MP: 3/3
   952 | D:3      | Identified the +4 rapier "Viacyodofo" {flame, rC++ Str+2
                  | Dex+3}
  1130 | D:2      | Reached skill level 1 in Short Blades
  1232 | D:2      | Reached XP level 5. HP: 47/47 MP: 4/4
  2202 | D:3      | Found a faded altar of an unknown god.
  2453 | D:3      | Noticed Ijyb
  2468 | D:3      | Killed Ijyb
  2469 | D:3      | Reached skill level 2 in Short Blades
  2760 | D:4      | Reached skill level 3 in Short Blades
  2796 | D:4      | Reached XP level 6. HP: 27/53 MP: 5/5
  2893 | D:4      | Noticed Natasha
  2893 | D:4      | Reached * piety under the Shining One
  3276 | D:4      | Reached skill level 5 in Fighting
  3452 | D:4      | Reached skill level 1 in Dodging
  3462 | D:4      | Reached skill level 4 in Short Blades
  3714 | D:5      | Entered Level 5 of the Dungeon
  3748 | D:5      | Killed Natasha
  3808 | D:5      | Noticed an ice beast
  3814 | D:5      | Killed an ice beast
  3815 | D:5      | Reached skill level 5 in Short Blades
  3815 | D:5      | Reached skill level 5 in Armour
  3815 | D:5      | Reached XP level 7. HP: 61/61 MP: 6/6
  3953 | D:5      | Noticed Natasha
  3960 | D:5      | Killed Natasha
  4085 | D:5      | Found a staircase to the Ecumenical Temple.
  4224 | D:5      | Noticed Natasha
  4229 | D:5      | Killed Natasha
  4427 | D:6      | Reached skill level 6 in Short Blades
  4632 | D:6      | Reached XP level 8. HP: 70/70 MP: 7/7
  4763 | D:6      | Reached skill level 7 in Short Blades
  4847 | D:6      | Reached skill level 8 in Short Blades
  4859 | D:6      | Reached skill level 9 in Short Blades
  4863 | D:6      | Reached skill level 5 in Shields
  4863 | D:6      | Reached XP level 9. HP: 62/78 MP: 8/8
  4938 | D:6      | Found a faded altar of an unknown god.
  4938 | D:6      | Found a sacrificial altar of Ru.
  4945 | D:6      | Found a blossoming altar of Fedhas.
  4947 | D:6      | Found a faded altar of an unknown god.
  4949 | D:6      | Found a hide-covered altar of Uskayaw.
  5807 | D:7      | Found Umuog's Armour Shop.
  5862 | D:7      | Found Xiocwum's Armour Shop.
  5873 | D:7      | Found Kuyss's Magic Scroll Boutique.
  5876 | D:7      | Bought a scroll of enchant weapon for 112 gold pieces
  5876 | D:7      | Bought a scroll of identify for 30 gold pieces
  5941 | D:7      | Reached ** piety under the Shining One
  5977 | D:7      | Found Qubats's Distillery.
  5983 | D:7      | Found a runed translucent gate.
  5983 | D:7      | Found a runed translucent gate.
  5983 | D:7      | Found a runed translucent gate.
  5986 | D:7      | Bought a potion of berserk rage for 50 gold pieces
  5986 | D:7      | Bought a potion of curing for 30 gold pieces
  5986 | D:7      | Noticed Griffin23's ghost (novice MiFi)
  6186 | D:7      | Reached skill level 10 in Short Blades
  6276 | D:7      | Found Xodofet's Distillery.
  6616 | D:8      | Found a runed translucent gate.
  6616 | D:8      | Found a runed translucent gate.
  6616 | D:8      | Found a runed translucent gate.
  6620 | D:8      | Found a shimmering altar of Xom.
  6715 | D:8      | Found a flagged portal.
  6731 | Bailey   | Entered a bailey
  6957 | Bailey   | Reached skill level 1 in Evocations
  6965 | Bailey   | Reached skill level 1 in Stealth
  6968 | Bailey   | Reached skill level 11 in Short Blades
  7191 | Bailey   | Found an iron altar of Okawaru.
  7449 | D:8      | Noticed a troll
  7449 | D:8      | Noticed a death knight
  7451 | D:8      | Noticed a troll
  7454 | D:8      | Noticed a two-headed ogre
  7475 | D:8      | Killed a troll
  7476 | D:8      | Reached XP level 10. HP: 68/86 MP: 9/9
  7487 | D:8      | HP: 4/129 [death knight/+0 battleaxe (33)]
  7488 | D:8      | Killed by mirror damage

Illustrated notes

Levels and vault maps discovered:
D:1:      amcnicky_arrival_abandoned_market, layout_basic,
          minmay_misc_feat_plants, st_stairs_2
D:2:      layout_basic, minmay_cut_off
D:3:      kennysheep_the_goblin_king, layout_basic, serial_undead,
          serial_undead_f, serial_undead_d, serial_undead_b, serial_undead_a,
          shapermc_ecumenical_altar_starsandcircs
D:4:      layout_basic, nicolae_qazlal_general_emergency, tso_oasis_becter,
          gup_sewer_entry_spiral, uniq_natasha
D:5:      layout_loops_cross, minmay_temple_entry_hall
D:6:      layout_basic, chequers_temple_overflow_minitemple,
          dreamdust_mushroom_princess
D:7:      layout_cave_pods, serial_shops, nicolae_shop_tiny_statue_garden,
          kennysheep_mini_moat, shop, shop, shop, gammafunk_ghost_split
D:8:      minmay_blocky_corners, layout_loops_ring, mainiacjoe_overflow_catwalk,
          enter_bailey_1, gammafunk_ghost_spectres, uniq_gastronok

Skill      XL: |  1  2  3  4  5  6  7  8  9 |
---------------+----------------------------+-----
Fighting       | 4 5 6 7 |  7.2
Armour         | 4 5 6 7 |  7.7
Shields        | 4 5 6 |  6.0
Axes           | 3 4 |  4.0
Short Blades   | 1 3 5 6 9 11 | 11.2
Dodging        | 1 2 3 |  3.6
Evocations     | 1 |  1.7
Stealth        | 1 |  1.5
Invocations    | |  0.1

Action                     |  1- 3 |  4- 6 |  7- 9 | 10-12 || total
---------------------------+-------+-------+-------+-------++-------
  Melee: War axe           |    67 |       |       |       ||    67
         Headbutt          |    10 |    23 |    75 |     4 ||   112
         Rapier            |       |   115 |   253 |    11 ||   379
 Invoke: Divine Shield     |       |       |     1 |       ||     1
  Evoke: Wand              |       |     2 |    10 |       ||    12
    Use: Scroll            |       |       |     9 |       ||     9
         Potion            |       |       |       |     2 ||     2
 Armour: Scale mail        |    47 |    62 |    84 |       ||   193
         Swamp dragon scal |       |       |    54 |     5 ||    59
  Dodge: Dodged            |    28 |    35 |    74 |     1 ||   138
  Block: Buckler           |    17 |    20 |    82 |     1 ||   120

Table legend: (Time is in decaauts)
 A = Elapsed time spent in this place.
 B = Non-inter-level travel time spent in this place.
 C = Inter-level travel time spent in this place.
 D = Time resting spent in this place.
 E = Time spent auto-exploring this place.
 F = Levels seen in this place.
 G = Mean time per level.
                   A        B        C        D        E       F      G
               +--------+--------+--------+--------+--------+-----+--------+
         Total |   7506 |   7216 |    290 |    794 |   4820 |   9 |  834.0 |
       Dungeon |   7027 |   6737 |    290 |    471 |   4820 |   8 |  878.4 |
        Bailey |    479 |    479 |      0 |    323 |      0 |   1 |  479.0 |
               +--------+--------+--------+--------+--------+-----+--------+

Top non-repeatable levels by time:
     D:4: 1272 daAuts
     D:6: 1163 daAuts
     D:7: 998 daAuts
     D:2: 992 daAuts
     D:3: 943 daAuts
     D:5: 707 daAuts
     D:1: 583 daAuts
  Bailey: 479 daAuts
     D:8: 365 daAuts
